 Dungeon Crawl Stone Soup version 0.32-a0-450-g080537f31e (webtiles) character file.

Game seed: 2412326256617652918

3022 whatisthis the Thaumaturge (level 9, -5/74 HPs)
             Began as an Oni Air Elementalist on Feb 24, 2024.
             Was a Believer of Vehumet.
             Asphyxiated
             ... on level 8 of the Dungeon.
             The game lasted 00:15:54 (9150 turns).

whatisthis the Thaumaturge (Oni Air Elementalist)   Turns: 9150, Time: 00:15:56

Health: -5/74      AC:  3    Str: 14    XL:     9   Next: 85%
Magic:  4/21       EV: 10    Int: 30    God:    Vehumet [**....]
Gold:   526        SH:  0    Dex: 13    Spells: 15/25 levels left

rFire   . . .        s - +1 quarterstaff "Morr" {protect, Int+4}
rCold   . . .        (shield currently unavailable)
rNeg    . . .        z - +0 robe of the Solstice {rElec Dex+4}
rPois   .            (helmet restricted)
rElec   +            (no cloak)
rCorr   .            (gloves unavailable)
SInv    .            (boots unavailable)
Will    .....        (no amulet)
Stlth   ++           e - +6 ring of intelligence
HPRegen 0.32/turn    l - ring of wizardry
MPRegen 0.17/turn

%: wizardry (x1)
@: lethally poisoned (-5 -> -28), swift, slowed, slow
A: large, unfitting armour, horns 1, tough skin 1, double potion healing,
drunken brawling
a: Renounce Religion


You were on level 8 of the Dungeon.
You worshipped Vehumet.
Vehumet was pleased with you.
You visited 2 branches of the dungeon, and saw 9 of its levels.

You collected 526 gold pieces.

Inventory:

Hand Weapons
 s - the +1 quarterstaff "Morr" (weapon) {protect, Int+4}
   (You found it on level 3 of the Dungeon)

   Int+4:     It affects your intelligence (+4).
Missiles
 y - 9 poisoned darts
Armour
 a - +0 steam dragon scales
 z - the +0 robe of the Solstice (worn) {rElec Dex+4}
   (You found it on level 6 of the Dungeon)

   Dex+4:     It affects your dexterity (+4).
   rElec:     It insulates you from electricity.
Jewellery
 e - a +6 ring of intelligence (left hand)
 l - a ring of wizardry (right hand)
 u - a ring of positive energy
 v - a ring of protection from fire
 w - a +4 ring of protection
Scrolls
 c - 3 scrolls of teleportation
 d - 2 scrolls of silence {unknown}
 i - 6 scrolls of identify {unknown}
 j - 3 scrolls of amnesia {unknown}
 n - 4 scrolls of revelation
 r - a scroll of fog {unknown}
 t - a scroll of noise {unknown}
 x - a scroll of vulnerability {unknown}
 B - a scroll of immolation {unknown}
 C - a scroll of blinking {unknown}
Potions
 b - 2 potions of magic
 f - 5 potions of attraction {unknown}
 g - 2 potions of mutation {unknown}
 h - 4 potions of curing
 k - 2 potions of brilliance {unknown}
 m - a potion of enlightenment {unknown}
 o - a potion of might {unknown}
 p - 2 potions of heal wounds {unknown}
 q - a potion of haste {unknown}
 A - a potion of lignification {unknown}
 D - a potion of invisibility {unknown}


   Skills:
 - Level 1.7 Dodging
 - Level 1.4 Stealth
 + Level 8.9 Spellcasting
 + Level 7.0 Conjurations
 + Level 7.5 Air Magic


You had 15 spell levels left.
You knew the following spells:

 Your Spells              Type           Power      Damage    Failure   Level
a - Shock                 Conj/Air       100%       1d9       1%          1
b - Static Discharge      Conj/Air       100%       3-8/arc   1%          2
c - Swiftness             Air            56%        N/A       1%          3
d - Airstrike             Air            28%        2d(4-20)  1%          4

Your spell library contained the following spells:

 Spells                   Type           Power      Damage    Failure   Level
 Momentum Strike          Conj/Tloc      68%        3d9       1%          2
 Magic Dart               Conj           100%       1d8       1%          1
 Sting                    Conj/Alch      100%       1d9       1%          1
 Mercury Vapours          Alch/Air       72%        N/A       1%          2
 Searing Ray              Conj           100%       2d8       1%          2
 Fulminant Prism          Conj/Alch      17%        3d11      3%          4
 Gell's Gravitas          Tloc           13%        N/A       4%          3
 Teleport Other           Tloc           13%        N/A       4%          3
 Olgreb's Toxic Radiance  Alch           13%        N/A       16%         4
 Dispersal                Tloc           6%         N/A       91%         6


Dungeon Overview and Level Annotations

Branches:
Dungeon (8/15)             Temple (1/1) D:5
   Lair: D:8-11

Altars:
Ashenzari
Dithmenos
Fedhas
Gozag
Hepliaklqana
Kikubaaqudgha
Nemelex Xobeh
Qazlal
Ru
Trog
Uskayaw
Vehumet
Wu Jian
Xom
Yredelemnul
Zin
The Shining One


Innate Abilities, Weirdness & Mutations

You are too large for most types of armour.
You have a pair of small horns on your head.
You have tough skin. (AC +1)
You gain doubled healing and magic from potions.
Whenever you drink a healing potion, you attack all around you.


Message History

Casting: Airstrike (dangerous; 1% risk of failure)
Confirm with . or Enter, or press ? or * to list all spells.
You feel quick. The kobold brigand barely misses you.
The kobold brigand throws a curare-tipped dart.
The curare-tipped dart hits you.
You are poisoned.
You have difficulty breathing.
You feel yourself slow down.
You feel very sick.
You feel very sick.
The kobold brigand throws a curare-tipped dart.
The curare-tipped dart barely misses you.
You feel very sick.
The kobold brigand throws a curare-tipped dart.
The curare-tipped dart closely misses you.
You feel very sick.
The kobold brigand throws a curare-tipped dart.
The curare-tipped dart hits you.
You are more poisoned.
You have difficulty breathing.
* * * LOW HITPOINT WARNING * * *
You feel as though you will be slow longer.
Unknown command.
You savour every drop.
You feel better.
The kobold brigand throws a curare-tipped dart.
The curare-tipped dart barely misses you.
The kobold brigand throws a curare-tipped dart.
The curare-tipped dart hits you.
You are poisoned.
You have difficulty breathing.
* * * LOW HITPOINT WARNING * * *
You feel as though you will be slow longer.
* * * LOW HITPOINT WARNING * * *
You feel very sick.
* * * LOW HITPOINT WARNING * * *
You feel sick.
The kobold brigand throws a curare-tipped dart.
The curare-tipped dart hits you.
You are more poisoned.
You have difficulty breathing.
You die...

.# #K# .# #.# .#
#K# .# #y# .# #K#
.# #.# .# #.# .#
#.# .### #@#
...###########
#รท#
.....#.......# #.#
.....#.#####.###.#
.....#.##<.......#
..........##.#####
####.#.......#
.....#########
######


You could see a kobold brigand, a killer bee and a kobold.

Vanquished Creatures
  An unseen horror skeleton (D:6)
  2 steam dragons (D:7)
  2 water moccasins
  An ice beast (D:6)
  2 black bears
  A sky beast (D:7)
  A phantom (D:5)
  A kobold brigand (D:7)
  4 bullfrogs
  4 scorpions
  4 killer bees (D:8)
  A howler monkey (D:7)
  4 crimson imps (D:6)
  7 hounds
  2 bombardier beetles
  A jelly (D:6)
  5 orc priests
  A gnoll bouda (D:7)
  A sleepcap (D:7)
  A centaur skeleton (D:6)
  3 iguanas
  6 orc wizards
  A howler monkey zombie (D:6)
  7 gnolls (D:7)
  3 adders
  A shadow imp (D:7)
  2 white imps
  The ghost of DeathSocks the Sneak, a weakling DsDe (D:6)
  2 dart slugs
  A ribbon worm (D:4)
  21 orcs
  3 ball pythons
  3 bats
  10 endoplasms
  2 giant cockroaches
  2 goblins
  8 hobgoblins
  4 jackals
  5 quokkas
  4 frilled lizards
  15 kobolds
  7 rats
157 creatures vanquished.

Notes
Turn   | Place    | Note
-------+----------+-------------------------------------------
     0 | D:1      | whatisthis the Oni Air Elementalist began the quest for the
                  | Orb.
     0 | D:1      | Reached XP level 1. HP: 16/16 MP: 3/3
    71 | D:1      | Reached skill level 1 in Conjurations
   204 | D:1      | Reached XP level 2. HP: 22/24 MP: 1/5
   664 | D:1      | Learned a level 2 spell: Static Discharge
   766 | D:1      | Reached skill level 3 in Spellcasting
   910 | D:1      | Reached XP level 3. HP: 31/31 MP: 4/7
  2205 | D:3      | Reached XP level 4. HP: 39/39 MP: 7/9
  2677 | D:3      | Identified the +1 quarterstaff "Morr" {protect, Int+4}
  2945 | D:4      | Reached XP level 5. HP: 41/45 MP: 4/10
  3056 | D:4      | Reached skill level 4 in Spellcasting
  3077 | D:4      | Found a glowing golden altar of the Shining One.
  3360 | D:4      | Reached XP level 6. HP: 53/53 MP: 4/12
  3639 | D:4      | Found a blossoming altar of Fedhas.
  3723 | D:5      | Entered Level 5 of the Dungeon
  3796 | D:5      | Noticed a black bear
  3810 | D:5      | Reached skill level 5 in Spellcasting
  3863 | D:5      | Learned a level 3 spell: Swiftness
  3889 | D:5      | Killed a black bear
  3890 | D:5      | Reached XP level 7. HP: 44/59 MP: 5/14
  4181 | D:4      | Learned a level 4 spell: Airstrike
  4407 | D:5      | Found a staircase to the Ecumenical Temple.
  4418 | Temple   | Entered the Ecumenical Temple
  4486 | D:4      | Reached skill level 5 in Air Magic
  4919 | D:5      | Reached skill level 6 in Spellcasting
  4931 | D:5      | Reached XP level 8. HP: 46/67 MP: 17/17
  5195 | D:6      | Found a bloodstained altar of Trog.
  5196 | D:6      | Found a sacrificial altar of Ru.
  5197 | D:6      | Found a radiant altar of Vehumet.
  5198 | D:6      | Found a hazy altar of Hepliaklqana.
  5295 | D:6      | Became a worshipper of Vehumet
  5388 | D:6      | Found a shimmering altar of Xom.
  5582 | D:6      | Reached skill level 5 in Conjurations
  6088 | D:6      | Found a shadowy altar of Dithmenos.
  6096 | D:6      | Found an ancient bone altar of Kikubaaqudgha.
  6200 | D:6      | Reached skill level 7 in Spellcasting
  6312 | D:6      | Found a runed translucent gate.
  6312 | D:6      | Found a runed translucent gate.
  6313 | D:6      | Found a runed translucent gate.
  6316 | D:6      | Noticed DeathSocks's ghost (weakling DsDe)
  6523 | D:6      | Killed DeathSocks's ghost
  6542 | D:6      | Reached XP level 9. HP: 41/74 MP: 15/20
  6558 | D:6      | Identified the +0 robe of the Solstice {rElec Dex+4}
  6710 | D:7      | Found a basalt altar of Yredelemnul.
  6765 | D:7      | Reached * piety under Vehumet
  6765 | D:7      | Offered knowledge of Sting by Vehumet.
  6879 | D:7      | Reached skill level 8 in Spellcasting
  7448 | D:7      | Found a flagged portal.
  7584 | D:7      | Found the +7 Kryia's mail coat {PotionHeal*2 rC+}
  7617 | D:7      | Found a sparkling altar of Nemelex Xobeh.
  8946 | D:8      | Offered knowledge of Momentum Strike by Vehumet.
  9045 | D:8      | Reached ** piety under Vehumet
  9141 | D:8      | HP: 3/74 [asphyx]
  9150 | D:8      | Asphyxiated

Illustrated notes

Levels and vault maps discovered:
D:1:      saegor_arrival_under_anarchy, layout_basic, minmay_statues_item
D:2:      layout_basic
D:3:      layout_rooms
D:4:      layout_basic, lemuel_tele_altar, general_overflow_altar
D:5:      layout_rooms, minmay_temple_entry_overgrown
D:6:      layout_loops_cross, amethyst_overflow_temple_binary,
          mainiacjoe_overflow_alcove_3, led_xom_imps, gammafunk_ghost_necromancy
D:7:      layout_cave_pods, mainiacjoe_overflow_catwalk,
          yredelemnul_altar_generic, enter_bailey_8, kennysheep_diamond
D:8:      layout_loops_cross, jmf_multi_god_temple2, minmay_lair_entry_lava
Temple:   nicolae_temple_bog_church

Skill      XL: |  1  2  3  4  5  6  7  8  9 |
---------------+----------------------------+-----
Conjurations   | 1 2 3 4 5 7 |  7.0
Air Magic      | 3 4 5 6 7 |  7.5
Spellcasting   | 3 4 5 6 7 8 |  8.9
Dodging        | |  1.7
Stealth        | |  1.4

Action                     |  1- 3 |  4- 6 |  7- 9 || total
---------------------------+-------+-------+-------++-------
  Melee: Hand axe          |     1 |       |       ||     1
         Quarterstaff      |       |     6 |    55 ||    61
         Headbutt          |       |       |    14 ||    14
   Cast: Shock             |    81 |    70 |    59 ||   210
         Static Discharge  |     3 |    12 |    10 ||    25
         Swiftness         |       |     1 |     2 ||     3
         Airstrike         |       |       |    93 ||    93
    Use: Scroll            |       |       |     2 ||     2
         Potion            |       |       |     2 ||     2
 Armour: Robe              |    11 |    32 |   115 ||   158
  Dodge: Dodged            |     5 |     9 |    62 ||    76

Table legend: (Time is in decaauts)
 A = Elapsed time spent in this place.
 B = Non-inter-level travel time spent in this place.
 C = Inter-level travel time spent in this place.
 D = Time resting spent in this place.
 E = Time spent auto-exploring this place.
 F = Levels seen in this place.
 G = Mean time per level.
                   A        B        C        D        E       F      G
               +--------+--------+--------+--------+--------+-----+--------+
         Total |   9166 |   8968 |    198 |   1699 |   5948 |   9 | 1018.4 |
       Dungeon |   9164 |   8966 |    198 |   1699 |   5948 |   8 | 1145.5 |
        Temple |      1 |      1 |      0 |      0 |      0 |   1 |    1.0 |
               +--------+--------+--------+--------+--------+-----+--------+

Top non-repeatable levels by time:
     D:7: 2033 daAuts
     D:6: 1577 daAuts
     D:4: 1256 daAuts
     D:1: 1171 daAuts
     D:5: 1077 daAuts
     D:2: 982 daAuts
     D:3: 638 daAuts
     D:8: 427 daAuts
  Temple: 1 daAuts
